 Dungeon Crawl Stone Soup version 0.24-a0-201-gf205589 (console) character file.

Game seed: 16931838417874756352

617 bli the Slasher (level 7, -5/54 HPs)
             Began as a Barachi Monk on Mar 23, 2019.
             Was a Believer of Wu Jian.
             Slain by an ogre
             ... wielding a +0 giant spiked club
              (19 damage)
             ... on level 5 of the Dungeon.
             The game lasted 00:13:00 (4691 turns).

bli the Slasher (Barachi Monk)                      Turns: 4691, Time: 00:13:01

Health: -5/54      AC:  5    Str: 13    XL:     7   Next: 45%
Magic:  7/7        EV: 16    Int: 10    God:    Wu Jian [**....]
Gold:   195        SH:  3    Dex: 19    Spells: 6/6 levels left

rFire    x . .     SeeInvis +   a - +0 long sword
rCold    + . .     Gourm    .   (no shield)
rNeg     . . .     Faith    .   v - +2 robe "Nuiheem" {rElec rF- Dex+3 SInv}
rPois    .         Spirit   .   (no helmet)
rElec    +         Reflect  +   (no cloak)
rCorr    .         Harm     .   x - +0 pair of gloves
MR       .....                  (no boots)
Stlth    +++.......             I - +3 amulet of reflection
HPRegen  0.18/turn              t - ring of stealth
MPRegen  0.10/turn              A - ring of protection from cold

@: slow
A: +LOS, swims, slowness 1, strong legs 1
a: Hop, Wall Jump, Renounce Religion


You were on level 5 of the Dungeon.
You worshipped Wu Jian.
Wu Jian was pleased with you.
You were not hungry.

You visited 2 branches of the dungeon, and saw 6 of its levels.

You collected 195 gold pieces.

Inventory:

Hand Weapons
 a - a +0 long sword (weapon)
 b - a +1 hunting sling of flaming
 g - a +0 dagger of venom
 z - a +0 falchion
 G - a +0 dagger of draining
Missiles
 f - 149 stones (quivered)
 k - a throwing net
 m - 8 tomahawks
 o - 8 javelins
Armour
 d - a +0 robe
 v - the +2 robe "Nuiheem" (worn) {rElec rF- Dex+3 SInv}
   (You found it on level 4 of the Dungeon)

   It affects your dexterity (+3).
   It makes you vulnerable to fire.
   It insulates you from electricity.
   It lets you see invisible.
 x - a +0 pair of gloves (worn)
 y - a +0 leather armour
Jewellery
 t - a ring of stealth (left hand)
 A - a ring of protection from cold (right hand)
 I - a +3 amulet of reflection (around neck)
Wands
 H - a wand of digging (7)
Scrolls
 e - 5 scrolls of identify {unknown}
 h - 6 scrolls of remove curse
 j - a scroll of fog {unknown}
 n - a scroll of random uselessness {unknown}
 q - a scroll of immolation {unknown}
 s - a scroll of magic mapping {unknown}
 w - a scroll of blinking {unknown}
 C - a scroll of teleportation {unknown}
 D - 2 scrolls of enchant armour {unknown}
Potions
 i - 2 potions of mutation {unknown}
 l - a potion of resistance {unknown}
 p - a potion of invisibility {unknown}
 r - 4 potions of curing {unknown}
 u - a potion of brilliance {unknown}
 B - 2 potions of lignification {unknown}
 E - 2 potions of berserk rage {unknown}
Comestibles
 c - 11 rations
 F - 8 chunks of flesh


   Skills:
 - Level 4.0 Fighting
 + Level 7.4 Long Blades
 + Level 2.4 Slings
 - Level 1.5 Armour
 * Level 5.7 Dodging
 + Level 2.0 Stealth


You had 6 spell levels left.
You didn't know any spells.
Your spell library was empty.

Dungeon Overview and Level Annotations

Branches:
Dungeon (5/15)             Temple (1/1) D:4

Altars:
Ashenzari
Cheibriados
Dithmenos
Elyvilon
Fedhas
Gozag
Hepliaklqana
Kikubaaqudgha
Makhleb
Nemelex Xobeh
Qazlal
Ru
Sif Muna
Trog
Vehumet
Wu Jian
Xom
Yredelemnul
The Shining One

Annotations:
D:2 2 transporters


Innate Abilities, Weirdness & Mutations

Shadows flee at your approach. (+LOS)
You can swim through water.
You cover ground slowly.
You can hop short distances.


Message History

Your +1 hunting sling of flaming bursts into flame!
b - a +1 hunting sling of flaming (weapon)
Firing (i - inventory. (/) - cycle)
f - 150 stones (quivered)
Press: ? - help, Shift-Dir - straight line, f - ogre
Aim: an ogre, wielding a +0 giant spiked club You shoot a stone.
The stone barely misses the ogre.
Your +1 hunting sling of flaming stops flaming.
a - a +0 long sword (weapon)
You hit the ogre.
The ogre is lightly wounded.
The ogre hits you with a +0 giant spiked club!!
Ouch! That really hurt!
* * * LOW HITPOINT WARNING * * *
You slash the ogre!
The ogre is heavily wounded.
The ogre closely misses you.
You slash the ogre!
The ogre is severely wounded.
The ogre hits you with a +0 giant spiked club!!
You die...

...## ... #.#
#÷##########
#####÷<.#.......
..........#####
########......#
######.### #...#
###.## #.@###
##.Oh# ###.# #(#
#)###
###(..######%
#((((........
....(..##...###..
.....##. .#h#
.... #. .#.# ...
## .. .


You could see an ogre and a jackal.

Vanquished Creatures
  A phantom (D:4)
  2 ogres (D:4)
  2 orc priests
  A jelly (D:4)
  A bullfrog skeleton (D:4)
  A centaur skeleton (D:4)
  Jessica (D:3)
  A worker ant (D:5)
  3 gnolls (D:5)
  4 adders
  An ooze (D:4)
  An adder skeleton (D:4)
  3 worms
  A dart slug (D:1)
  3 leopard geckos
  6 orcs
  7 giant cockroaches
  12 goblins
  6 hobgoblins
  6 jackals
  7 kobolds
  A quokka (D:3)
  3 ball pythons
  A ball python skeleton (D:4)
  3 bats
  3 frilled lizards
  8 rats
89 creatures vanquished.

Notes
Turn   | Place    | Note
-------+----------+-------------------------------------------
     0 | D:1      | bli the Barachi Monk began the quest for the Orb.
     0 | D:1      | Reached XP level 1. HP: 18/18 MP: 1/1
   224 | D:1      | Reached XP level 2. HP: 20/24 MP: 2/2
   291 | D:1      | Reached skill level 4 in Long Blades
   782 | D:1      | Reached XP level 3. HP: 28/29 MP: 3/3
  1198 | D:2      | Found a transporter.
  1308 | D:2      | Found a transporter.
  1311 | D:2      | Found a snail-covered altar of Cheibriados.
  1312 | D:2      | Found an opulent altar of Gozag.
  1313 | D:2      | Found a deep blue altar of Sif Muna.
  1386 | D:2      | HP: 1/30 [worm (8)]
  2500 | D:3      | Reached skill level 5 in Long Blades
  2500 | D:3      | Reached XP level 4. HP: 16/37 MP: 4/4
  2922 | D:3      | Reached XP level 5. HP: 18/42 MP: 5/5
  3253 | D:3      | Noticed Jessica
  3258 | D:3      | Killed Jessica
  3542 | D:4      | Noticed an ogre
  3682 | D:4      | Killed an ogre
  3682 | D:4      | Reached skill level 6 in Long Blades
  3682 | D:4      | Reached skill level 5 in Dodging
  3682 | D:4      | Reached XP level 6. HP: 3/48 MP: 6/6
  3870 | D:4      | Noticed a phantom
  3992 | D:4      | Killed a phantom
  3992 | D:4      | Reached skill level 1 in Armour
  3997 | D:4      | Reached skill level 7 in Long Blades
  3997 | D:4      | Reached skill level 1 in Slings
  4014 | D:4      | Reached XP level 7. HP: 42/54 MP: 7/7
  4086 | D:4      | Found a sparkling altar of Nemelex Xobeh.
  4109 | D:4      | Found a staircase to the Ecumenical Temple.
  4119 | Temple   | Entered the Ecumenical Temple
  4200 | Temple   | Became a worshipper of the Wu Jian Council
  4200 | Temple   | Reached * piety under Wu Jian
  4200 | Temple   | Reached ** piety under Wu Jian
  4239 | D:4      | Got a silken robe
  4250 | D:4      | Identified the +2 robe "Nuiheem" {rElec rF- Dex+3 SInv}
                  | (You found it on level 4 of the Dungeon)
  4614 | D:5      | Entered Level 5 of the Dungeon
  4691 | D:5      | Slain by an ogre

Levels and vault maps discovered:
D:1:      shiori_arrival_elements, layout_basic
D:2:      layout_loops_corners, gammafunk_temple_overflow_arena, first_ration
D:3:      layout_loops_cross, uniq_jessica
D:4:      layout_rooms, lemuel_crystal_altar, minmay_temple_entry_wispy,
          kennysheep_generic_room_6
D:5:      layout_rooms, basic_altar, kb_lookout_dungeons_type
Temple:   eino_temple_scatter_basement

Skill      XL: |  1  2  3  4  5  6  7 |
---------------+----------------------+-----
Long Blades    | 4 5 6 7 |  7.4
Dodging        | 4 5 |  5.7
Fighting       | 4 |  4.0
Armour         | 1 |  1.5
Slings         | 1 2 |  2.4
Stealth        | 2 |  2.0

Action                   |  1- 3 |  4- 6 |  7- 9 || total
-------------------------+-------+-------+-------++-------
Melee: Falchion          |   123 |    16 |       ||   139
       Long sword        |       |    68 |    34 ||   102
       Hunting sling     |       |       |     1 ||     1
 Fire: Hunting sling     |    10 |    28 |    26 ||    64
Throw: Stone             |       |     3 |     5 ||     8
Invok: Lunge             |       |       |     2 ||     2
       Whirlwind         |       |       |     1 ||     1
  Use: Scroll            |       |     1 |       ||     1
 Stab: Sleeping          |    10 |     2 |     1 ||    13
  Eat: Chunk             |     6 |     5 |     3 ||    14
Armor: Robe              |    27 |    13 |     5 ||    45
       Leather armour    |       |     3 |     1 ||     4
Dodge: Dodged            |    64 |    66 |    23 ||   153
       Rpst.: Falchion   |    27 |     4 |       ||    31
       Long sword        |       |    20 |    11 ||    31

Table legend:
 A = Non-vault XP
 B = Vault XP
 C = Vault XP percentage of total XP
 D = Non-vault monster count
 E = Vault monster count
 F = Vault count percentage of total count
                 A         B        C        D         E       F
            +---------+---------+-------+---------+---------+-------
      Total |     845 |      37 |   4.2 |      88 |       1 |   1.1
            +---------+---------+-------+---------+---------+-------
        D:1 |      46 |       0 |   0.0 |      26 |       0 |   0.0
        D:2 |      19 |       0 |   0.0 |      10 |       0 |   0.0
        D:3 |     107 |      37 |  25.7 |      21 |       1 |   4.5
        D:4 |     574 |       0 |   0.0 |      22 |       0 |   0.0
        D:5 |      99 |       0 |   0.0 |       9 |       0 |   0.0
            +---------+---------+-------+---------+---------+-------
